 Dungeon Crawl Stone Soup version 0.19-a0-854-gc78d25d (webtiles) character file.

946 Implojin the Grappler (level 7, -6/66 HPs)
             Began as a Troll Fighter on July 1, 2016.
             Was a Follower of Okawaru.
             Mangled by a gargoyle
             ... wielding a +0 flail
              (18 damage)
             ... on level 9 of the Dungeon.
             The game lasted 00:06:44 (1194 turns).

Implojin the Grappler (Troll Fighter)               Turns: 1194, Time: 00:06:45

Health: -6/66      AC:  5    Str: 25    XL:     7   Next: 89%
Magic:  4/6        EV: 12    Int:  4    God:    Okawaru [*.....]
Gold:   19         SH: 13    Dex: 11    Spells: 0 memorised, 6 levels left

rFire  . . .     SeeInvis .       - Unarmed
rCold  . . .     Gourm    +     a - +0 robe
rNeg   . . .     Faith    .     b - +0 shield
rPois  .         Spirit   .     (helmet restricted)
rElec  .         Dismiss  .     (no cloak)
rCorr  .         Reflect  +     (gloves unavailable)
SustAt .         Harm     .     (boots unavailable)
MR     .....                    l - +2 amulet of reflection
Stlth  ++........               (no ring)
                                m - ring of wizardry (curse)

@: lethally poisoned (-6 -> -6), heroism, not resistant to hostile enchantments,
unstealthy
A: unfitting armour, claws 3, fast metabolism 3, gourmand, regeneration 2,
shaggy fur 1, tough skin 2
a: Heroism, Renounce Religion


You were on level 9 of the Dungeon.
You worshipped Okawaru.
Okawaru was aware of your devotion.
You were not hungry.

You visited 2 branches of the dungeon, and saw 11 of its levels.

You collected 19 gold pieces.

Inventory:

Hand Weapons
 i - a +0 blowgun
 o - a +0 blowgun
Missiles
 p - 9 curare-tipped needles
Armour
 a - a +0 robe (worn)
 b - a +0 shield (worn)
Jewellery
 l - a +2 amulet of reflection (around neck)
 m - a cursed ring of wizardry (left claw)
Wands
 n - a wand of teleportation (5/9)
Scrolls
 c - 2 scrolls of enchant weapon {unknown}
 e - a scroll of magic mapping {unknown}
 f - a scroll of noise
 g - 4 scrolls of remove curse
 h - a scroll of random uselessness {unknown}
 j - a scroll of teleportation
 k - 3 scrolls of identify {unknown}
Comestibles
 d - 3 bread rations


   Skills:
 - Level 2.4(7.4) Fighting
 - Level 2.4(7.4) Dodging
 - Level 2.4(7.4) Shields
 * Level 9.3(14.3) Unarmed Combat


You had 6 spell levels left.
You didn't know any spells.

Dungeon Overview and Level Annotations

Branches:
Dungeon (10/15)            Temple (1/1) D:6            Lair (0/6) D:8
    Orc: D:9-12

Altars:
Ashenzari
Fedhas
Hepliaklqana
Kikubaaqudgha
Nemelex Xobeh
Okawaru
Pakellas
Ru
Vehumet
Xom

Shops:
D:6 ?   D:9 (

Annotations:
D:6 Sigmund


Innate Abilities, Weirdness & Mutations

You are too large for most types of armour.
You have claws for hands.
Your metabolism is lightning-fast.
You like to eat raw meat.
You heal very quickly.
You are covered in fur. (AC +1)
You have very tough skin. (AC +2)


Message History

The worker ant closely misses you.
You gain the combat prowess of a mighty hero.
The worker ant bites you. The gargoyle hits you with a flail.
You block the worker ant's attack.
Unknown command.
You barely miss the worker ant.
The worker ant is severely wounded.
The gargoyle hurls a stone arrow at you.
The stone arrow hits you!
* * * LOW HITPOINT WARNING * * *
The worker ant bites you.
* * * LOW HITPOINT WARNING * * *
You are poisoned.
The worker ant poisons you!
You claw the worker ant!
You kill the worker ant!
Okawaru accepts your kill.
You feel sick.
Unknown command.
You closely miss the gargoyle.
The gargoyle hurls a stone arrow at you.
The stone arrow hits you!
* * * LOW HITPOINT WARNING * * *
You scratch the gargoyle but do no damage.
The gargoyle hits you with a flail!
* * * LOW HITPOINT WARNING * * *
You scratch the gargoyle but do no damage.
You feel sick.
You aren't carrying any potions.
You scratch the gargoyle but do no damage.
You block the gargoyle's attack.
You scratch the gargoyle.
The gargoyle is lightly damaged.
You block the gargoyle's attack.
You scratch the gargoyle but do no damage.
The gargoyle is lightly damaged.
You barely miss the gargoyle.
The gargoyle is lightly damaged.
You feel sick. The gargoyle hits you with a flail!!
You die...

##+##
##...##
##.....##
##..>....##
#...@.....#
+...†9....+
#.........#
##.......##
##.....##
##...##
##+##


You could see a gargoyle.

Vanquished Creatures
  A wyvern (D:8)
  2 orc warriors
  A big kobold (D:8)
  A scorpion (D:8)
  An orc priest (D:9)
  A centaur skeleton (D:5)
  A hound (D:6)
  A jelly (D:5)
  5 orc wizards
  An iguana (D:5)
  5 worker ants
  A hound skeleton (D:4)
  2 adders (D:3)
  A gnoll (D:4)
  An adder skeleton (D:8)
  A worm (D:3)
  A giant gecko (D:3)
  10 orcs
  2 giant cockroaches
  2 goblins (D:1)
  3 hobgoblins
  3 jackals (D:3)
  A ball python (D:4)
  2 bats (D:3)
  A giant gecko skeleton (D:6)
  3 kobolds
  2 rats
56 creatures vanquished.

Vanquished Creatures (others)
  3 kobolds (D:8)
3 creatures vanquished.

Grand Total: 59 creatures vanquished

Notes
Turn   | Place    | Note
-------+----------+-------------------------------------------
     0 | D:1      | Implojin the Troll Fighter began the quest for the Orb.
     0 | D:1      | Reached XP level 1. HP: 22/22 MP: 0/0
   207 | D:3      | Reached XP level 2. HP: 29/29 MP: 1/1
   218 | D:3      | Reached skill level 3 in Unarmed Combat
   341 | D:3      | Reached XP level 3. HP: 17/36 MP: 2/2
   506 | D:5      | Entered Level 5 of the Dungeon
   520 | D:5      | Reached skill level 4 in Unarmed Combat
   537 | D:4      | Reached XP level 4. HP: 11/44 MP: 3/3
   566 | D:4      | HP: 1/44 [gnoll (5)]
   677 | D:5      | Reached skill level 5 in Unarmed Combat
   699 | D:5      | Reached XP level 5. HP: 28/50 MP: 4/4
   719 | D:6      | Found Anecedas's Magic Scroll Shop.
   750 | D:6      | Noticed a centaur
   753 | D:6      | Noticed Sigmund
   758 | D:6      | Noticed an orc warrior
   766 | D:6      | Killed an orc warrior
   766 | D:6      | Reached skill level 6 in Unarmed Combat
   766 | D:6      | Reached XP level 6. HP: 28/59 MP: 5/5
   809 | D:5      | Reached skill level 7 in Unarmed Combat
   869 | D:6      | Found a staircase to the Ecumenical Temple.
   878 | Temple   | Entered the Ecumenical Temple
   892 | Temple   | Became a worshipper of Warmaster Okawaru
   992 | D:7      | Found an ancient bone altar of Kikubaaqudgha.
  1022 | D:8      | Found a staircase to the Lair.
  1029 | D:8      | Noticed a wyvern
  1045 | D:8      | Killed a wyvern
  1045 | D:8      | Reached skill level 8 in Unarmed Combat
  1045 | D:8      | Reached XP level 7. HP: 47/66 MP: 6/6
  1055 | D:8      | Reached * piety under Okawaru
  1097 | D:9      | Found Tacaga's Weapon Shop.
  1109 | D:9      | Reached skill level 9 in Unarmed Combat
  1175 | D:10     | Entered Level 10 of the Dungeon
  1176 | D:10     | Noticed a wraith
  1182 | D:9      | Noticed a gargoyle
  1194 | D:9      | Mangled by a gargoyle

Vault maps used:
D:1:      scummos_arrival_checkerplants, minmay_misc_feat_plants,
          minmay_pentomino_x4
D:2:      first_bread, uniq_natasha, uniq_jessica
D:4:      small_statue_intersection, uniq_duvessa
D:6:      serial_shops, shop_scrolls, grunt_decor_arrowhead, uniq_sigmund,
          uniq_blork_the_orc
D:7:      nicolae_overflow_crystal_walls, serial_column_ruins,
          column_ruins_square_small, column_ruins_hut_ruined,
          column_ruins_open_small, column_ruins_grid_3,
          column_ruins_columns_straight, column_ruins_grid_1,
          column_ruins_grid_1
D:8:      lair_0_dummy, basic_altar
D:9:      serial_shops, nicolae_shop_crystal, hangedman_little_slice_of_home,
          uniq_erica
Temple:   nicolae_temple_the_god_donut

Skill      XL: |  1  2  3  4  5  6  7 |
---------------+----------------------+-----
Unarmed Combat | 3 4 5 6 8 9 |  9.3
Fighting       | |  2.4
Dodging        | |  2.4
Shields        | |  2.4

Action                   |  1- 3 |  4- 6 |  7- 9 || total
-------------------------+-------+-------+-------++-------
Melee: Unarmed           |    78 |    77 |    51 ||   206
Invok: Heroism           |       |       |     1 ||     1
  Use: Potion            |     1 |       |       ||     1
       Scroll            |       |     4 |       ||     4
 Stab: Sleeping          |     1 |       |       ||     1
  Eat: Chunk             |     9 |     2 |       ||    11
Armor: Robe              |    26 |    15 |     3 ||    44
Dodge: Dodged            |    25 |    17 |     4 ||    46
Block: Shield            |    37 |    41 |    18 ||    96
       Reflection        |       |     4 |     1 ||     5

Table legend:
 A = Turns spent in this place as a percentage of turns spent in the entire game.
 B = Non-inter-level travel turns spent in this place as a percentage of non-inter-level travel turns spent in the entire game.
 C = Inter-level travel turns spent in this place as a percentage of turns spent in this place.
 D = Turns resting spent in this place as a percentage of non-inter-level travel turns spent in this place.
 E = Turns spent auto-exploring this place as a percentage of non-inter-level travel turns spent in this place.
 F = Non-inter-level travel turns spent in this place divided by the number of levels of this place that you've seen.
                   A       B       C       D       E      F
               +-------+-------+-------+-------+-------+----------------------
         Total | 100.0 | 100.0 |   0.0 |   0.0 |   0.0 | 108.0
       Dungeon |  96.9 |  96.9 |   0.0 |   0.0 |   0.0 | 115.1
        Temple |   3.1 |   3.1 |   0.0 |   0.0 |   0.0 |  37.0
               +-------+-------+-------+-------+-------+----------------------

Table legend:
 A = Kills in this place as a percentage of kills in entire the game.
 B = Kills by you in this place as a percentage of kills by you in the entire game.
 C = Kills by friends in this place as a percentage of kills by friends in the entire game.
 D = Other kills in this place as a percentage of other kills in the entire game.
 E = Experience gained in this place as a percentage of experience gained in the entire game.
 F = Experience gained in this place divided by the number of levels of this place that you have seen.
                   A       B       C       D       E      F
               +-------+-------+-------+-------+-------+----------------------
         Total | 100.0 | 100.0 |  -nan |  -nan | 100.0 | 122.9
       Dungeon | 100.0 | 100.0 |  -nan |  -nan | 100.0 | 135.2
               +-------+-------+-------+-------+-------+----------------------
